 Dungeon Crawl Stone Soup version 0.26.1-2-gb8aa6d0cf2 (webtiles) character file.

Game seed: 816758764334922765

18 windgrace the Caller (level 2, -4/19 HPs)
             Began as a Merfolk Summoner on Feb 12, 2021.
             Slain by a worm (6 damage)
             ... on level 2 of the Dungeon.
             The game lasted 00:04:27 (1292 turns).

windgrace the Caller (Merfolk Summoner)             Turns: 1292, Time: 00:04:28

Health: -4/19      AC:  2    Str:  8    XL:     2   Next: 70%
Magic:  2/5        EV: 13    Int: 14    God:
Gold:   94         SH:  0    Dex: 14    Spells: 4/5 levels left

rFire    . . .     SeeInvis .   i - +0 dagger
rCold    . . .     Faith    .   (no shield)
rNeg     . . .     Spirit   .   a - +0 robe
rPois    .         Reflect  .   (no helmet)
rElec    .         Harm     .   (no cloak)
rCorr    .         Rampage  .   (no gloves)
Will     .....                  (no boots)
Stlth    ++........             (no amulet)
HPRegen  0.06/turn              (no ring)
MPRegen  0.09/turn              (no ring)

@: no status effects
A: change form in water, swift swim, stealthy swim
a: no special abilities


You were on level 2 of the Dungeon.
You visited 1 branch of the dungeon, and saw 2 of its levels.

You collected 94 gold pieces.

Inventory:

Hand Weapons
 g - a +0 club
 i - a +0 dagger (weapon)
Armour
 a - a +0 robe (worn)
Scrolls
 b - a scroll of enchant armour {unknown}
 c - a scroll of fear {unknown}
 f - 2 scrolls of identify {unknown}
Potions
 d - a potion of degeneration {unknown}
 e - a potion of might {unknown}
 h - a potion of attraction {unknown}


   Skills:
 - Level 3.0 Dodging
 - Level 2.2 Stealth
 + Level 2.3 Spellcasting
 + Level 4.4 Summonings


You had 4 spell levels left.
You knew the following spells:

 Your Spells              Type           Power        Failure   Level
a - Summon Small Mammal   Summ           56%          3%          1

Your spell library contained the following spells:

 Spells                   Type           Power        Failure   Level
 Call Imp                 Summ           14%          5%          2
 Call Canine Familiar     Summ           14%          11%         3
 Summon Guardian Golem    Hex/Summ       7%           28%         3
 Summon Ice Beast         Ice/Summ       7%           67%         4
 Summon Lightning Spire   Summ/Air       7%           67%         4


Dungeon Overview and Level Annotations

Branches:
Dungeon (2/15)

Altars:


Message History

Your bat closely misses the kobold.
The jackal bites you. The kobold hits you with a +0 whip!
* * * LOW HITPOINT WARNING * * *
Your quokka closely misses the jackal.
The jackal barely misses you.
Your quokka closely misses the kobold.
The worm bites you.
* * * LOW HITPOINT WARNING * * *
Your rat bites the worm but does no damage.
A stone appears from out of your range of vision.
The stone hits your bat. The goblin misses your quokka.
You climb upwards.
Your summoned allies are left behind.
There is a stone staircase leading down here.
The jackal closely misses you. The jackal barely misses you.
You climb downwards.
Your bat disappears in a puff of smoke!
Your quokka disappears in a puff of smoke! x2
Your rat disappears in a puff of smoke!
The goblin hits you but does no damage. The goblin barely misses you.
There is a stone staircase leading up, spattered with blood here.
The worm bites you.
You die...

##...........#
.............##
.#.>...........
............#
#..........#
.##...((.....#.
......g........
...###.hh.......
#.....@w.......
..###...g..(....
..............
##.##..........
# #.#.......$
..##....... ..#
#...... #. ...).


You could see a worm, 2 jackals and 2 goblins.

Vanquished Creatures
  2 giant cockroaches (D:1)
  A bat (D:1)
3 creatures vanquished.

Vanquished Creatures (collateral kills)
  2 dart slugs (D:1)
  3 bats (D:1)
  3 goblins (D:1)
  3 hobgoblins
  4 jackals
  A kobold (D:1)
  A rat (D:1)
17 creatures vanquished.

Grand Total: 20 creatures vanquished

Notes
Turn   | Place    | Note
-------+----------+-------------------------------------------
     0 | D:1      | windgrace the Merfolk Summoner began the quest for the Orb.
     0 | D:1      | Reached XP level 1. HP: 13/13 MP: 3/3
   525 | D:1      | Reached XP level 2. HP: 15/19 MP: 0/5
  1292 | D:2      | Slain by a worm

Illustrated notes

Levels and vault maps discovered:
D:1:      kilobyte_arrival_exit_the_forest, layout_basic
D:2:      layout_rooms, lemuel_altar_in_water

Skill      XL: |  1  2 |
---------------+-------+-----
Dodging        | 3 |  3.0
Stealth        | |  2.2
Spellcasting   | |  2.3
Summonings     | |  4.4

Action                   || total
-------------------------++-------
Melee: Unarmed           ||    32
       Dagger            ||    11
 Cast: Summon Small Mamm ||    32
 Stab: Sleeping          ||     1
Armor: Robe              ||    10
Dodge: Dodged            ||    57
